Cogmind - Beta 10.2 @@@ ROGUE MODE // 2021.11.04 @ 20:26:50 Player: art-hropod Result: Self-destructed Performance ------------- Evolutions (3) 1500 Regions Visited (4) 800 Robots Destroyed (48) 240 Value Destroyed (1284) 1284 Prototype IDs (0) 0 Alien Tech Used (0) 0 Bonus (55) 55 TOTAL SCORE: 3879 Bonus ------- High Alert Combat Kills 55 Cogmind --------- Core Integrity 371/700 Matter 45/300 Energy 55/100 System Corruption 4% Temperature Cool (12) Movement Walking (180) Ox2 Location -7/Factory Parts ------- > --- POWER (3) -------- (None) > --- PROPULSION (4) --- Aluminum Leg > --- UTILITY (4) ------ Coolant Injector Large Storage Unit Signal Interpreter > --- WEAPON (2) ------- Shock Bomb Launcher Shock Bomb Launcher > --- INVENTORY (10) --- Large Storage Unit Advanced Visual Processing Unit Particle Charger Gauss Cannon Shock Bomb Launcher Shock Bomb Launcher Peak State ------------ > --- POWER ------------ Ion Engine Deuterium Engine > --- PROPULSION ------- Aluminum Leg Aluminum Leg Carbon-fiber Leg Carbon-fiber Leg > --- UTILITY ---------- Heat Sink Coolant Injector Large Storage Unit Signal Interpreter > --- WEAPON ----------- Arc Projector Gauss Cannon > --- INVENTORY -------- Aluminum Leg Large Storage Unit Advanced Visual Processing Unit Particle Charger Gauss Cannon Shock Bomb Launcher Shock Bomb Launcher Shock Bomb Launcher Shock Bomb Launcher [Rating: 29] Favorites ----------- Power Light Ion Engine Engine Light Ion Engine Propulsion Aluminum Leg Leg Aluminum Leg Utility Large Storage Unit Device Heat Sink Storage Large Storage Unit Processor Signal Interpreter Weapon Shock Bomb Launcher Energy Gun Medium Laser Ballistic Gun Light Assault Rifle Ballistic Cannon Gauss Cannon Launcher Shock Bomb Launcher Build | -11 -10 -9 -8 -7 ------- Run | Scr Mat Mat Mat Fac Slots Evolved 6 | . . 2 2 2 Power 2 | . . . 1 1 Propulsion 2 | . . 2 . . Utility 2 | . . . 1 1 Weapon . | . . . . . Parts Attached 45 | 8 1 14 11 11 Power 4 | 1 . 1 2 . Engine 4 | 1 . 1 2 . Core . | . . . . . Reactor . | . . . . . Propulsion 11 | 2 . 4 2 3 Treads . | . . . . . Leg 11 | 2 . 4 2 3 Wheel . | . . . . . Hover . | . . . . . Flight . | . . . . . Utility 13 | 3 . 3 3 4 Device 8 | 1 . 1 3 3 Storage 3 | 2 . 1 . . Processor 2 | . . 1 . 1 Hackware . | . . . . . Protection . | . . . . . Artifact . | . . . . . Weapon 17 | 2 1 6 4 4 Energy Gun 7 | 1 . 3 2 1 Energy Cannon . | . . . . . Ballistic Gun 5 | 1 1 3 . . Ballistic Cannon 1 | . . . . 1 Launcher 4 | . . . 2 2 Special Weapon . | . . . . . Impact Weapon . | . . . . . Slashing Weapon . | . . . . . Piercing Weapon . | . . . . . Special Melee Weapon . | . . . . . Unidentified Prototypes . | . . . . . Parts Lost 21 | . 1 7 3 10 Power 4 | . . 1 1 2 Propulsion 9 | . . 2 2 5 Utility 2 | . . 1 . 1 Weapon 6 | . 1 3 . 2 Highest Loss Streak 10 | . 1 4 3 10 Average Slot Usage (%) 94 | . 98 95 97 87 Engine 13 | . 14 10 17 14 Leg 35 | . 28 42 33 26 Device 9 | . . 8 9 14 Storage 11 | . 28 12 9 7 Processor 4 | . . . 9 7 Energy Gun 5 | . 7 8 3 1 Ballistic Gun 8 | . 18 12 4 . Launcher 5 | . . . 9 11 Naked Turns . | . . . . . Heaviest Build 45 | 13 13 26 43 45 Greatest Support 50 | 20 20 40 40 50 Greatest Overweight (x) 2 | . . . 2 1 Average Overweight (x) . | . . . . . Largest Inventory Capacity 10 | 6 6 10 10 10 Average Capacity 8 | 5 6 8 10 10 Most Carried 10 | 6 6 9 10 10 Average Carried 6 | 4 5 5 8 8 Final Capacity 10 | 6 6 10 10 10 Final Carried 9 | 6 6 8 9 6 Class Distribution -------------------- 66% | Scavenger-Mutant 33% | Mutant Dominant Class ---------------- Mutant | -10/Materials Scavenger-Mutant | -9/Materials Scavenger-Mutant | -8/Materials Scavenger-Mutant | -7/Factory Resources | -11 -10 -9 -8 -7 ----------- Run | Scr Mat Mat Mat Fac Matter Collected 769 | 326 126 146 31 140 Remotely . | . . . . . Salvage Created 1736 | 166 190 556 596 228 Parts 113 | 13 16 39 35 10 Haulers Intercepted 1 | . . . 1 . Recyclers Shooed 1 | 1 . . . . Parts Field Recycled . | . . . . . Retrieved Matter . | . . . . . Parts Self-Destructed . | . . . . . Prevented . | . . . . . Kills | -11 -10 -9 -8 -7 ------- Run | Scr Mat Mat Mat Fac Combat Hostiles Destroyed 33 | . 6 15 8 4 Guns 21 | . 6 14 1 . Cannons 1 | . . . . 1 AOE 10 | . . 1 6 3 Classes Destroyed 9 | 3 3 1 2 . Worker 4 | 2 . . 2 . Builder 2 | . . . 2 . Tunneler 3 | 3 . . . . Hauler 1 | . . . 1 . Recycler 1 | 1 . . . . Watcher 4 | . 1 1 1 1 Swarmer 10 | . 3 7 . . Grunt 18 | . 3 5 6 4 Sentry 5 | . . 3 2 . Best Kill Streak 8 | 5 4 4 8 3 Combat Bots Only 4 | . 3 3 4 3 Max Kills in Single Turn 3 | 1 1 1 3 2 Gunslinging . | . . . . . Exploded 2 | . . 1 2 2 Melee . | . . . . . Uniques/NPCs Destroyed . | . . . . . Combat | -11 -10 -9 -8 -7 -------- Run | Scr Mat Mat Mat Fac Damage Taken 2336 | . 328 631 352 1025 Core 525 | . 90 54 52 329 Absorbed by Shields . | . . . . . Core Remaining (%) 85 | 100 64 86 90 . Volleys Fired 125 | 15 25 51 11 23 Largest 2 | 2 2 2 2 2 Hottest 103 | 70 70 90 79 103 Shots Fired 224 | 30 42 87 22 43 Gun 176 | 30 42 87 2 15 Cannon 18 | . . . . 18 Launcher 30 | . . . 20 10 Special . | . . . . . Kinetic 109 | 15 30 45 1 18 Thermal 58 | 15 12 30 1 . Explosive . | . . . . . Electromagnetic 57 | . . 12 20 25 Robot Hit Streak 11 | 6 5 11 4 4 Robot Miss Streak 5 | 2 3 3 2 5 Penetration Max . | . . . . . Secondary Targets 2 | . 1 1 . . Max Gunslinging Chain 1 | . 1 1 . . Shots Hit Robots 126 | 19 26 56 6 19 Core Hits 85 | 7 11 29 23 15 Critical Hits 1 | . . . . 1 Critical Kills . | . . . . . Critical Parts Destroyed 1 | . . . . 1 Melee Attacks . | . . . . . Impact . | . . . . . Slashing . | . . . . . Piercing . | . . . . . Sneak Attacks . | . . . . . Combat Hostiles . | . . . . . Follow-up Attacks . | . . . . . Damage Inflicted 3027 | 239 322 664 1047 755 Guns 1280 | 239 322 621 29 69 Cannons 322 | . . . . 322 Explosions 1425 | . . 43 1018 364 Melee . | . . . . . Ramming . | . . . . . Kinetic 975 | 101 226 313 13 322 Thermal 772 | 138 96 152 320 66 Explosive . | . . . . . Electromagnetic 1280 | . . 199 714 367 Impact . | . . . . . Slashing . | . . . . . Piercing . | . . . . . Highest Corruption 4 | . . . 1 4 Average Corruption 1 | . . . 1 2 Corruption Purged . | . . . . . Effects 1 | . . . . 1 Targeting Errors 1 | . . . . 1 Overload Shots . | . . . . . Overflow Damage 87 | . . . 86 1 Projectiles . | . . . . . Explosions 87 | . . . 86 1 Melee . | . . . . . Knockbacks 3 | . . . . 3 Impact . | . . . . . Kinetic 3 | . . . . 3 Secondary . | . . . . . Self-Inflicted Damage 129 | . . 2 127 . Shots 5 | . . 1 4 . Rammed . | . . . . . Targets Rammed . | . . . . . Kicked . | . . . . . Crushed . | . . . . . Highest Temperature 180 | 81 180 139 21 54 Average Temperature 32 | 30 70 25 7 15 Received Heat Transfer 573 | . 123 168 135 147 Siege Activations . | . . . . . Robots Corrupted 1 | . . . 1 . Combat Hostiles 1 | . . . 1 . Parts Fried 4 | . . . 3 1 Impact Corruptions . | . . . . . Robots Melted . | . . . . . Combat Hostiles . | . . . . . Parts Melted . | . . . . . Heat Transferred 1534 | 407 296 444 337 50 Parts Sabotaged . | . . . . . Parts Stolen . | . . . . . Parts Stripped . | . . . . . Power Chain Reactions 6 | . . . 5 1 Missiles Intercepted . | . . . . . Alert | -11 -10 -9 -8 -7 ------- Run | Scr Mat Mat Mat Fac Peak Influence 532 | 30 181 288 532 411 Initial 241 | . 19 76 121 241 Average 193 | 7 88 160 221 331 Maximum Alert Level 2 | . . 1 2 2 Low Security (%) 63 | 100 100 80 68 4 Level 1 31 | . . 19 16 88 Level 2 4 | . . . 14 6 Level 3 . | . . . . . Level 4 . | . . . . . Level 5 . | . . . . . High Security . | . . . . . Max Security . | . . . . . Squads Dispatched 5 | . 1 1 2 1 Investigation 2 | . 1 . 1 . Extermination 1 | . . . . 1 Reinforcement 2 | . . 1 1 . Assault . | . . . . . Garrison . | . . . . . Intercept . | . . . . . Construction Impeded 1 | . . . 1 . Haulers Reinforced . | . . . . . Stealth | -11 -10 -9 -8 -7 --------- Run | Scr Mat Mat Mat Fac Distress Signals 4 | . . 2 1 1 Communications Jammed . | . . . . . Distress Signals . | . . . . . Times Spotted 54 | . 8 21 14 11 Peak Tracking Total 5 | . 4 5 4 5 Tactical Retreats 3 | . . 1 2 . Traps | -11 -10 -9 -8 -7 ------- Run | Scr Mat Mat Mat Fac Traps Triggered 2 | . 1 . 1 . Indirectly 1 | . . . 1 . Trap Hack Attempts . | . . . . . Triggered . | . . . . . Disarmed . | . . . . . Reprogrammed . | . . . . . Reused . | . . . . . Traps Extracted . | . . . . . Installed . | . . . . . Triggered . | . . . . . Machines | -11 -10 -9 -8 -7 ---------- Run | Scr Mat Mat Mat Fac Machines Disabled 6 | . . 2 1 3 Max in Single Turn 2 | . . 2 1 1 Machines Sabotaged . | . . . . . Garrisons Compromised . | . . . . . Overloaded Fab Kills . | . . . . . Fab Network Shutdowns . | . . . . . Hacking | -11 -10 -9 -8 -7 --------- Run | Scr Mat Mat Mat Fac Machines Accessed 2 | . . . 1 1 Terminals . | . . . . . Fabricators . | . . . . . Repair Stations 2 | . . . 1 1 Recycling Units . | . . . . . Scanalyzers . | . . . . . Garrison Access . | . . . . . Total Hacks 3 | . . . 2 1 Successful 2 | . . . 2 . Failed 1 | . . . . 1 Catastrophic . | . . . . . Database Lockouts . | . . . . . Manual . | . . . . . Terminals . | . . . . . Fabricators . | . . . . . Repair Stations 3 | . . . 2 1 Recycling Units . | . . . . . Scanalyzers . | . . . . . Garrison Access . | . . . . . Terminal Hacks . | . . . . . Fabricator Hacks . | . . . . . Repair Station Hacks 2 | . . . 2 . Scan Component 1 | . . . 1 . Repair 1 | . . . 1 . Recycling Unit Hacks . | . . . . . Scanalyzer . | . . . . . Garrison Access Hacks . | . . . . . Unauthorized Hacks . | . . . . . Terminals . | . . . . . Fabricators . | . . . . . Repair Stations . | . . . . . Recycling Units . | . . . . . Scanalyzers . | . . . . . Garrison Access . | . . . . . Data Cores Recovered . | . . . . . Used . | . . . . . Hacking Detections . | . . . . . Full Trace Events . | . . . . . Feedback Events . | . . . . . Feedback Blocked . | . . . . . Robot Schematics Acquired . | . . . . . Robots Built . | . . . . . Matter . | . . . . . Time . | . . . . . Total Robot Build Rating . | . . . . . Part Schematics Acquired . | . . . . . Parts Built . | . . . . . Matter . | . . . . . Time . | . . . . . Total Part Build Rating . | . . . . . Parts Repaired 1 | . . . 1 . Time 26 | . . . 26 . Parts Recycled . | . . . . . Recycled Matter . | . . . . . Retrieved Matter . | . . . . . Retrieved Components . | . . . . . Parts Scanalyzed . | . . . . . Part Schematics Acquired . | . . . . . Parts Damaged . | . . . . . Bothacking | -11 -10 -9 -8 -7 ------------ Run | Scr Mat Mat Mat Fac Used RIF Installer . | . . . . . Robots Hacked . | . . . . . Non-combat . | . . . . . Combat . | . . . . . Robot Hacks Applied . | . . . . . Relay Couplers Released . | . . . . . Robots Rewired . | . . . . . Allies Hacked . | . . . . . Hacks Repelled . | . . . . . Allies | -11 -10 -9 -8 -7 -------- Run | Scr Mat Mat Mat Fac Total Allies . | . . . . . Largest Group . | . . . . . Highest-Rated Group . | . . . . . Highest-Rated Ally . | . . . . . Total Orders . | . . . . . Ally Attacks . | . . . . . Total Damage . | . . . . . Kills . | . . . . . Allies Corrupted . | . . . . . Allies Melted . | . . . . . Intel | -11 -10 -9 -8 -7 ------- Run | Scr Mat Mat Mat Fac Robot Analysis Total . | . . . . . Derelict Logs Recovered . | . . . . . Drone Launches . | . . . . . Drone Recoveries . | . . . . . Exploration | -11 -10 -9 -8 -7 ------------- Run | Scr Mat Mat Mat Fac Turns Passed 1874 | 160 177 708 398 431 Spaces Moved 1126 | 80 89 422 267 268 Core 6 | 6 . . . . Treads . | . . . . . Legs 1120 | 74 89 422 267 268 Wheels . | . . . . . Hover . | . . . . . Flight . | . . . . . Fastest Speed 50 | 50 120 120 120 120 Average Speed 122 | 114 120 120 125 128 Slowest Speed 180 | 120 120 120 180 150 Overloaded Moves . | . . . . . Propulsion Burnouts . | . . . . . Robots Hopped . | . . . . . Cave-ins Triggered . | . . . . . Exploration Rate (%) 21 | 4 23 37 32 10 Regions Visited 4 Branch Regions . Pre-discovered Areas . | . . . . . Known Exits Taken 2 | . . 1 1 . Unknown Exits Taken 2 | 1 1 . . . Scrap Searched . | . . . . . Spaces Dug . | . . . . . Terrain Destroyed 89 | . . 3 70 16 Melee . | . . . . . Projectile 6 | . . . . 6 AOE 83 | . . 3 70 10 Terrain Rammed . | . . . . . Walls Destroyed . | . . . . . Machines Disabled . | . . . . . Actions | -11 -10 -9 -8 -7 --------- Run | Scr Mat Mat Mat Fac Total 1400 | 118 118 542 309 313 Wait 43 | . . 38 5 . Move 1122 | 79 88 421 266 268 Hop . | . . . . . Pick Up 48 | 14 2 14 11 7 Fast Attach 3 | 1 1 1 . . Attach 29 | 6 . 9 6 8 Detach 1 | . . . . 1 Swap 13 | 1 . 4 5 3 Drop 16 | 2 2 4 5 3 Fire 125 | 15 25 51 11 23 Melee . | . . . . . Ram . | . . . . . Kick . | . . . . . Crush . | . . . . . Escape Stasis . | . . . . . Rewire . | . . . . . Trap . | . . . . . Miscellaneous . | . . . . . Route ------- -11/Scrapyard -10/Materials -9/Materials -8/Materials -7/Factory History --------- Turn | Location | Event 3 | -11/Scrapyard | Discovered new exit (range 15) 161 | -11/Scrapyard | Entered Materials 300 | -10/Materials | Build established: Mutant 313 | -10/Materials | Discovered new exit (range 12) 338 | -10/Materials | Entered another Materials area 338 | -9/Materials | Evolved 2 slots: Propulsion x2 488 | -9/Materials | Lost 4 parts (1p1u2w) 1026 | -9/Materials | Discovered new exit (range 16) 1045 | -9/Materials | Identified exit to Materials 1046 | -9/Materials | Entered another Materials area 1046 | -8/Materials | Evolved 2 slots: Power x1, Utility x1 1193 | -8/Materials | Build established: Scavenger-Mutant 1321 | -8/Materials | Repaired Aluminum Leg? 1418 | -8/Materials | Lost 3 parts (1p2n) 1421 | -8/Materials | Discovered new exit (range 15) 1442 | -8/Materials | Identified exit to Factory 1444 | -8/Materials | Entered Factory 1444 | -7/Factory | Evolved 2 slots: Power x1, Utility x1 1875 | -7/Factory | Self-destructed Last Messages --------------- 01862_ K-01 Serf collects debris. 01863_ Slug penetrates Wall. 01865_ Arc Projector destroyed. 01865_ Deuterium Engine destroyed. 01865_ Carbon-fiber Leg destroyed. 01866_ K-01 Serf collects debris. 01867_ P-60 Hacker resets H-55 Commando, system corruption cleaned. 01867_ Aluminum Leg destroyed. 01868_ U-05 Engineer destroyed. 01868_ Slug penetrates Wall. 01868_ Slug penetrates Y-54 Guardian. 01869_ K-01 Serf collects debris. 01871_ P-70 Sage resets P-60 Hacker, system corruption cleaned. 01872_ Slug penetrates K-01 Serf. 01872_ K-01 Serf collects debris. 01872_ U-05 Engineer builds a Wall. 01873_ Gauss Cannon destroyed. 01875_ Penetrated by Slug. Map ----- +----------------------------------------------------+ | ?????????????????????????????############## | | ?????????????????????????????# # | | ?????????????????????????????#""" # | | ?????????????????????????????#"R # | | ?????????????????????????????#""" # | | ?????????????????????????????# "" # | | ?????????????????????????????# """ # | | ?????????????????????????????# """ # | | ?????????????????????????????# """ # | | ?????????????????????????????# "" # | | ?????????????????????????????# "" # | | ?????????????????????????????# # | | ???????????????? ????????????# #######+ | | ??????????????? ??????????###########+#### | | ??????????????? ???????????????# | | ???????????????? ??# "??????????# | | ?????????????????# ?# " ?????????# """ | | ?????????????????# ?? " "????????# """ | | ?????????????????+ ??? ???????# """ | | ?????????????????# u############## | | ???????????????? # #uu # """ | | ?????????????????+ /p! = # """ | | ???????????????????####h* [! ! # """ | | ??????????????????????# * ! # | | ??????????????????????# = k! # """ | | ??????????????????????# @ pk """ | | ??????????????????????# = # """ | | ??????????????????????# # | | ??????????????????????# # """ | | ??????????????????????# r [ # """ #### | | ??????????????????????#!p # """ #??? | | ??????????????????????# # ?#??? | | ??????????????????????#;/;####+##### ????? | | ??????????????????????#;Y##??? #???# ???? | | ??????????????????????## ??????#???# !== ???? | | ???????????????????????# ??????????# != ??? | | ??????????????????????? ??????????? != #??? | | ??????????????????????? ??????????? ???? | | ??????????????????????? !??????????? ?????? | | ??????????????????????? ???????????###+#????????? | | ??????????????????????? ????????????????????????? | | ?????????????????????????????????????????????????? | | ?????????????????????????????????????????????????? | | ?????????????????????????????????????????????????? | | ?????????????????????????????????????????????????? | | ?????????????????????????????????????????????????? | | ?????????????????????????????????????????????????? | | ?????????????????????????????????????????????????? | | ?????????????????????????????????????????????????? | | | +----------------------------------------------------+ Best States ------------- Heat Dissipation 44 Coolant Potential 65 Energy Generation 19 Energy Capacity 425 Matter Stores 400 Matter Capacity 400 Sight Range 18 Terrain Scan Range 16 Terrain Scan Density 10 Evasion (%) 40 Particle Charging 15 Item Schematics ----------------- None Robot Schematics ------------------ None Fabricated ------------ Nothing Alien Tech Used ----------------- None Achievements -------------- Loot Pinata Challenges ------------ None Game ------ Seed PulseBombardmentMachine Manual? 0 Play Time 00:37:45 Cumulative 5.0 hours Start 2021.11.04 @ 14:07:46 End 2021.11.04 @ 20:26:50 Sessions 3 Manual Loads 0 Difficulty Rogue Special Mode None Game No. 4 Rogue 4 Adventurer 0 Explorer 0 Win Type - Total 0 Types 0/0/0/0/0/0/0/0/0 Lore% 0 Gallery% 9 Achievement% 7 Wizard Run 0 Options --------- ASCII 0 Keyboard 0 Movement Mouse Keybinds 0 Fullscreen 1 Font 32/SmallcapsGlow Map View 63x52 Tactical HUD 1 Map Filters NONE Filters NONE Steam 1 RUN: 2c6daed3-dfd3-476c-b456-18285cf82b26